 Dungeon Crawl Stone Soup version 0.24-a0-769-g368c1644f8 (webtiles) character file.

Game seed: 6519868962722316370, levelgen mode: deterministic

46 Arixos the Vexing (level 3, 0/22 HPs)
             Began as a Felid Enchanter on Oct 5, 2019.
             Slain by an adder (2 damage)
             ... on level 3 of the Dungeon.
             The game lasted 00:11:31 (1919 turns).

Arixos the Vexing (Felid Enchanter)                 Turns: 1919, Time: 00:11:32

Health: 0/22       AC: 21    Str:  4    XL:     3   Next: 44%
Magic:  2/7        EV:  4    Int: 16    God:
Gold:   65         SH:  0    Dex: 17    Spells: 3/6 levels left
                                        Lives:  0   Deaths: 0

rFire    . . .     SeeInvis +     - Unarmed
rCold    . . .     Gourm    .   (shield unavailable)
rNeg     + + +     Faith    .   (armour unavailable)
rPois    +         Spirit   .   (helmet unavailable)
rElec    .         Reflect  .   (cloak unavailable)
rCorr    .         Harm     .   (gloves unavailable)
MR       .....     NoTele   +   (boots unavailable)
Stlth    +++.......             (no amulet)
HPRegen  0.07/turn              (no ring)
MPRegen  0.10/turn              (no ring)

@: lethally poisoned (0 -> -9), tree-form, very slightly contaminated
A: very small, no armour, no weapons or thrown items, stealth, see invisible,
carnivore, slow metabolism 1
a: no special abilities


You were on level 3 of the Dungeon.
You were very full.
You were a tree.
You visited 1 branch of the dungeon, and saw 3 of its levels.

You collected 65 gold pieces.

Inventory:

Scrolls
 c - a scroll of blinking {unknown}
 f - 3 scrolls of identify {unknown}
 g - 2 scrolls of teleportation {unknown}
Potions
 a - 2 potions of lignification
 d - a potion of curing {unknown}
 e - a potion of invisibility {unknown}
 h - a potion of degeneration {unknown}
 j - a potion of mutation {unknown}
Comestibles
 b - 5 rations
 i - 4 chunks of flesh


   Skills:
 + Level 1.0 Fighting
 + Level 3.2 Dodging
 + Level 4.4 Stealth
 + Level 1.5 Unarmed Combat
 + Level 2.3 Spellcasting
 + Level 4.8 Hexes
 + Level 0.4 Ice Magic


You had 3 spell levels left.
You knew the following spells:

 Your Spells              Type           Power        Failure   Level  Hunger
a - Ensorcelled Hibernat  Hex/Ice        ##....       11%         2    ###....
b - Corona                Hex            ###....      2%          1    #......

Your spell library contained the following spells:

 Spells                   Type           Power        Failure   Level  Hunger
 Confuse                  Hex            ###.....     9%          3    ###....
 Tukima's Dance           Hex            ###.....     9%          3    ###....
 Dazzling Spray           Conj/Hex       #.....       22%         3    ###....


Dungeon Overview and Level Annotations

Branches:
Dungeon (3/15)

Altars:


Innate Abilities, Weirdness & Mutations

You cannot wear armour.
You are incapable of wielding weapons or throwing items.
Your paws allow you to move quietly. (Stealth)
((You have sharp claws.))
((You have razor-sharp teeth.))
You have supernaturally acute eyesight. (SInv)
You are carnivorous and can eat meat at any time.
((You cover ground quickly.))
((You are covered in fur. (AC +1)))
You have a slow metabolism.
((Your sharp claws are effective at attacking unaware monsters.))


Message History

Press: ? - help, Shift-Dir - straight line, f/p - adder
Aim: an adder (chance to defeat MR: 50%)
The adder resists with some effort.
You feel sick. The adder bites you. The adder barely misses you.
There is a stone staircase leading down here.
The adder bites you.
* * * LOW HITPOINT WARNING * * *
You are more poisoned.
The adder poisons you!
You climb downwards.
* * * LOW HITPOINT WARNING * * *
You feel sick.
Found a stone staircase leading down.
There is a stone staircase leading up here.
It was a potion of lignification.
You turn into a tree.
Your roots penetrate the ground.
* * * LOW HITPOINT WARNING * * *
You feel sick.
The adder bites you but does no damage. x2
You closely miss the adder. The adder bites you.
You die... ..####### ......S♣# ..>######

You could see an adder.

Vanquished Creatures
  2 dart slugs (D:2)
  2 leopard geckos
  A ball python (D:1)
  3 giant cockroaches
  4 hobgoblins
  A quokka (D:2)
  8 bats
  7 frilled lizards
  5 goblins
  3 kobolds
  3 rats (D:1)
39 creatures vanquished.

Notes
Turn   | Place    | Note
-------+----------+-------------------------------------------
     0 | D:1      | Arixos the Felid Enchanter began the quest for the Orb.
     0 | D:1      | Reached XP level 1. HP: 7/7 MP: 4/4
   571 | D:1      | Reached XP level 2. HP: 12/12 MP: 4/6
   656 | D:1      | Learned a level 2 spell: Ensorcelled Hibernation
  1548 | D:2      | Reached XP level 3. HP: 15/15 MP: 2/7
  1817 | D:2      | Reached skill level 1 in Fighting
  1919 | D:3      | Slain by an adder

Levels and vault maps discovered:
D:1:      saegor_arrival_simple_b, layout_basic
D:2:      layout_rooms, lightli_temple_of_fire, nicolae_overflow_hidden_temple,
          first_ration
D:3:      layout_basic, nicolae_overflow_crystal_walls, fedhas_ov_isle_minmay

Skill      XL: |  1  2  3 |
---------------+----------+-----
Dodging        | 3 |  3.2
Fighting       | 1 |  1.0
Stealth        | |  4.4
Unarmed Combat | |  1.5
Spellcasting   | |  2.3
Hexes          | |  4.8
Ice Magic      | |  0.4

Action                   || total
-------------------------++-------
Melee: Unarmed           ||    72
       Bite              ||     4
       Punch             ||     1
 Cast: Corona            ||    12
       Ensorcelled Hiber ||    29
  Use: Potion            ||     1
 Stab: Sleeping          ||    24
  Eat: Chunk             ||    11
Armor: Skin              ||    11
Dodge: Dodged            ||    77

Table legend:
 A = Non-vault XP
 B = Vault XP
 C = Vault XP percentage of total XP
 D = Non-vault monster count
 E = Vault monster count
 F = Vault count percentage of total count
                 A         B        C        D         E       F
            +---------+---------+-------+---------+---------+-------
      Total |      66 |       0 |   0.0 |      39 |       0 |   0.0
            +---------+---------+-------+---------+---------+-------
        D:1 |      38 |       0 |   0.0 |      26 |       0 |   0.0
        D:2 |      28 |       0 |   0.0 |      13 |       0 |   0.0
            +---------+---------+-------+---------+---------+-------
